 Dungeon Crawl Stone Soup version 0.18-a0-1468-gaf180a1 (webtiles) character file.

483 Tomstefer the Skirmisher (level 6, -4/51 HPs)
             Began as a Demonspawn Gladiator on Mar 1, 2016.
             Slain by an ogre
             ... wielding a +0 giant club
              (24 damage)
             ... on level 4 of the Dungeon.
             The game lasted 00:06:36 (3282 turns).

Tomstefer the Skirmisher (Demonspawn Gladiator)     Turns: 3282, Time: 00:06:36

Health: -4/51      AC: 10    Str: 16    XL:     6   Next: 87%
Magic:  0/6        EV:  7    Int:  9    God:
Gold:   193        SH:  0    Dex: 17    Spells: 0 memorised, 5 levels left

rFire  . . .     SeeInvis +     x - +2 war axe (freeze)
rCold  . . .     Gourm    .     B - +0 chain mail
rNeg   . . .     Faith    .     (no shield)
rPois  .         Spirit   +     g - +2 hat
rElec  .         Dismiss  .     (no cloak)
rCorr  .         Reflect  .     (no gloves)
SustAt .         Harm     +     (no boots)
MR     +....                    i - amulet of harm
Stlth  ..........               t - ring of protection from magic
                                j - ring of see invisible

@: somewhat resistant to hostile enchantments, extremely unstealthy
A: talons 2, thin skeletal structure 1, magic shield, magic regeneration
a: no special abilities


You were on level 4 of the Dungeon.
You were not hungry.

You visited 1 branch of the dungeon, and saw 4 of its levels.

You collected 193 gold pieces.

Inventory:

Hand Weapons
 a - a +0 war axe
 x - a +2 war axe of freezing (weapon)
Missiles
 d - 3 throwing nets (quivered)
Armour
 c - a +0 helmet
 g - a +2 hat (worn)
 B - a +0 chain mail (worn)
Jewellery
 i - an amulet of harm (around neck)
 j - a ring of see invisible (left hand)
 s - an uncursed amulet of rage
 t - a ring of protection from magic (right hand)
Scrolls
 h - 3 scrolls of remove curse {unknown}
 k - 2 scrolls of random uselessness {unknown}
 l - 9 scrolls of identify {unknown}
 n - 2 scrolls of enchant armour {unknown}
 u - 4 scrolls of teleportation {unknown}
 y - a scroll of blinking {unknown}
Potions
 b - a potion of heal wounds {unknown}
 e - 2 potions of might
 p - a potion of agility {unknown}
 q - a potion of cancellation {unknown}
 v - a potion of invisibility {unknown}
 z - 2 potions of mutation {unknown}
 A - a potion of lignification {unknown}
Comestibles
 f - 2 bread rations
 m - a royal jelly
 o - a slice of pizza
 r - a beef jerky
 w - 6 chunks of flesh
 C - a meat ration


   Skills:
 + Level 5.4 Fighting
 + Level 5.3 Axes
 - Level 1.7 Throwing
 - Level 2.6 Dodging


You had 5 spell levels left.
You didn't know any spells.

Dungeon Overview and Level Annotations

Branches:
Dungeon (4/15)
 Temple: D:4-7

Altars:
Gozag
Kikubaaqudgha
Makhleb

Shops:
D:4 *


Innate Abilities, Weirdness & Mutations

You have razor-sharp toenails.
You have a somewhat thin skeletal structure (Dex +2, Stealth).
When hurt, damage is shared between your health and your magic reserves.
You regenerate magic rapidly.


Message History

No target in view!
No target in view!
No target in view!
No target in view!
No target in view!
You see here 13 arrows.
u - 4 scrolls labeled HUFESMINLA (gained 3) HP restored.
You now have 193 gold pieces (gained 6).
An ogre comes into view. It is wielding a giant club.
The ogre shouts!
Found 18 arrows and a scroll labeled DYURHE TIDDUGH.
The ogre hits you with a giant club!
You hit the ogre. You freeze the ogre. You claw the ogre, but do no damage.
The ogre is lightly wounded.
The ogre hits you with a giant club!!
You hit the ogre. You freeze the ogre. You claw the ogre, but do no damage.
The ogre is moderately wounded.
The ogre hits you with a giant club!!
You die...

..............###.##.<..
...####∩....#.###.##...#
. ######.....##.###.##
.. ###.#....# #.. #.
#(#..#####.. # #.##
##.......##..#
##.##..###.....#......#
##(..........##..##.....
#.....O@......##...##.#.
...............###..# ..
..?............# #.# .
..........$....# .#
.................. .
..........!....... .
#.............###..
.......#....... ..
...########..


You could see an ogre.

Vanquished Creatures
  The ghost of Bubs the Poker, an amateur MfSk of Qazlal (D:4)
  2 vampire bats (D:2)
  A crimson imp (D:2)
  An orc wizard (D:3)
  4 adders
  2 worms (D:2)
  2 dart slugs
  2 giant geckos (D:2)
  7 orcs
  A ball python (D:1)
  5 bat skeletons (D:2)
  A bat zombie (D:2)
  9 goblins
  10 hobgoblins
  7 jackals
  12 kobolds
  14 bats
  2 giant newts
  2 quokka skeletons (D:4)
  6 rats
91 creatures vanquished.

Notes
Turn   | Place    | Note
--------------------------------------------------------------
     0 | D:1      | Tomstefer the Demonspawn Gladiator began the quest for the Orb.
     0 | D:1      | Reached XP level 1. HP: 16/16 MP: 1/1
     0 | D:1      | Noticed a minotaur skeleton
    14 | D:1      | Noticed a minotaur skeleton
   342 | D:1      | Gained mutation: When hurt, damage is shared between your health and your magic reserves. [demonic ancestry]
   342 | D:1      | Reached XP level 2. HP: 16/23 MP: 2/2
  1226 | D:2      | Gained mutation: You have a somewhat thin skeletal structure (Dex +2, Stealth). [demonic ancestry]
  1226 | D:2      | Reached XP level 3. HP: 27/29 MP: 3/3
  1649 | D:2      | Found a burning altar of Makhleb.
  1652 | D:2      | Gained mutation: You regenerate magic rapidly. [demonic ancestry]
  1652 | D:2      | Reached XP level 4. HP: 31/35 MP: 4/4
  1814 | D:2      | Found an ancient bone altar of Kikubaaqudgha.
  1822 | D:2      | Gained mutation: You have sharp toenails. [demonic ancestry]
  1822 | D:2      | Reached XP level 5. HP: 38/42 MP: 5/5
  2590 | D:4      | Noticed Bubs's ghost (amateur MfSk)
  2906 | D:3      | Gained mutation: You have razor-sharp toenails. [demonic ancestry]
  2906 | D:3      | Reached XP level 6. HP: 37/49 MP: 3/6
  3072 | D:3      | Found an opulent altar of Gozag.
  3227 | D:4      | Killed Bubs's ghost
  3227 | D:4      | Reached skill level 5 in Fighting
  3227 | D:4      | Reached skill level 5 in Axes
  3240 | D:4      | Found Geuwk's General Store.
  3282 | D:4      | Slain by an ogre

Vault maps used:
D:1:      shiori_arrival_whats_in_store_for_you
D:2:      kennysheep_goblin_castle, kennysheep_vampire_church,
          makhleb_grotto_becter
D:3:      nicolae_ru_the_path_less_chosen, nicolae_gozag_seed_capital,
          fedhas_altar_4, first_bread
D:4:      kennysheep_the_goblin_king, kb_xom_exploding_sheep, serial_shops,
          shop, uniq_duvessa

Skill      XL: |  1  2  3  4  5  6 |
---------------+-------------------+-----
Axes           | 3 4 5 |  5.3
Fighting       | 3 4 5 |  5.4
Throwing       | |  1.7
Dodging        | |  2.6

Action                   |  1- 3 |  4- 6 || total
-------------------------+-------+-------++-------
Melee: War axe           |    85 |   154 ||   239
  Eat: Chunk             |     2 |     6 ||     8
